 Dungeon Crawl Stone Soup version 0.19-a0-475-gfca3800 (webtiles) character file.

58 Kidiri the Firebug (level 3, 0/19 HPs)
             Began as a Deep Elf Fire Elementalist on June 4, 2016.
             Slain by a hobgoblin
             ... wielding a +0 club
              (6 damage)
             ... on level 2 of the Dungeon.
             The game lasted 00:08:47 (1098 turns).

Kidiri the Firebug (Deep Elf Fire Elementalist)     Turns: 1098, Time: 00:08:48

Health: 0/19       AC:  2    Str: 10    XL:     3   Next: 75%
Magic:  0/10       EV: 13    Int: 25    God:
Gold:   48         SH:  0    Dex: 15    Spells: 2 memorised, 7 levels left

rFire  + . .     SeeInvis .     h - +0 short sword (speed)
rCold  . . .     Gourm    .     a - +0 robe
rNeg   . . .     Faith    .     (no shield)
rPois  .         Spirit   .     (no helmet)
rElec  .         Dismiss  .     (no cloak)
rCorr  .         Reflect  .     (no gloves)
SustAt .         Harm     .     (no boots)
MR     .....                    (no amulet)
Stlth  ++........               p - ring of protection from fire
                                n - ring of wizardry

@: mighty, brilliant, lethally poisoned (0 -> -3), not resistant to hostile
enchantments, unstealthy
A: no striking features
a: no special abilities


You were on level 2 of the Dungeon.
You were hungry.

You visited 1 branch of the dungeon, and saw 2 of its levels.

You collected 48 gold pieces.

Inventory:

Hand Weapons
 h - a +0 short sword of speed (weapon)
Armour
 a - a +0 robe (worn)
 r - a +0 leather armour
Jewellery
 n - a ring of wizardry (left hand)
 p - a ring of protection from fire (right hand)
Scrolls
 m - 2 scrolls of teleportation
Potions
 f - a potion of brilliance
 k - a potion of magic {unknown}
 l - a potion of lignification {unknown}
Books
 b - a book of Flames

   Spells                             Type                      Level
   a - Flame Tongue                   Conjuration/Fire             1
   b - Throw Flame                    Conjuration/Fire             2
   c - Conjure Flame                  Conjuration/Fire             3
   d - Inner Flame                    Hexes/Fire                   3
   e - Sticky Flame                   Conjuration/Fire             4
   f - Fireball                       Conjuration/Fire             5
Comestibles
 c - a bread ration
 i - 7 chunks of flesh
 o - a slice of pizza


   Skills:
 - Level 2.4 Dodging
 - Level 2.4 Stealth
 * Level 4.0 Spellcasting
 * Level 2.2 Conjurations
 * Level 4.1 Fire Magic


You had 7 spell levels left.
You knew the following spells:

 Your Spells              Type           Power        Failure   Level  Hunger
a - Flame Tongue          Conj/Fire      #####        1%          1    None
b - Throw Flame           Conj/Fire      #####.       1%          2    None


Dungeon Overview and Level Annotations

Branches:
Dungeon (2/15)

Altars:


Message History

You are poisoned.
The adder poisons you!
Unknown command.
It was a potion of brilliance.
You feel clever all of a sudden.
You feel sick. The adder closely misses you.
Okay, then.
Unknown command.
Casting: Flame Tongue
Confirm with . or Enter, or press ? or * to list all spells.
Aiming: Flame Tongue
Press: ? - help, Shift-Dir - straight line, f/p - hobgoblin
Aim: a hobgoblin, wielding a club The flame tongue hits the adder.
You kill the adder!
Your Spellcasting skill increases to level 4!
It was a potion of might.
You feel very mighty all of a sudden.
You feel sick. The hobgoblin hits you with a club.
You die...

..# ##.# .♣ .. ##.
#.# .. #. #.# ♣.
#. #.# #. # #.# #.
#.####.# ##.##
##.##...#
##...#####...###.#
#..#..sg@..#..##.#
#...#####...#...#
##.##..# #.##...#
#.....###......#
#....g.....#...#
#....#######...#
#s...# #...#
#....# #####
#....#


You could see a giant cockroach and a hobgoblin.

Vanquished Creatures
  A gnoll (D:1)
  2 adders (D:2)
  A giant cockroach (D:1)
  4 goblins
  4 hobgoblins
  4 jackals (D:2)
  5 bats
  2 giant newts
  3 kobolds
  2 rats (D:1)
28 creatures vanquished.

Notes
Turn   | Place    | Note
--------------------------------------------------------------
     0 | D:1      | Kidiri the Deep Elf Fire Elementalist began the quest for the Orb.
     0 | D:1      | Reached XP level 1. HP: 10/10 MP: 6/6
   231 | D:1      | Reached XP level 2. HP: 15/15 MP: 5/8
   235 | D:1      | Learned a level 2 spell: Throw Flame
  1004 | D:2      | Reached XP level 3. HP: 19/19 MP: 3/10
  1098 | D:2      | Slain by a hobgoblin

Vault maps used:
D:1:      minmay_arrival_four_circles, st_stairs_6
D:2:      forest_paths, st_stairs_10, minmay_misc_feat_tower

Skill      XL: |  1  2  3 |
---------------+----------+-----
Conjurations   | 2 |  2.2
Fire Magic     | 4 |  4.1
Spellcasting   | 4 |  4.0
Dodging        | |  2.4
Stealth        | |  2.4

Action                   || total
-------------------------++-------
Melee: Short sword       ||    14
 Cast: Flame Tongue      ||    30
       Throw Flame       ||    13
  Use: Scroll            ||     5
       Potion            ||     2
Armor: Robe              ||    14
Dodge: Dodged            ||    27
